Map: Jagannatha LE

Players

Chillking - Winner!

  • Race: Zerg Zerg
  • League: Platinum

Stenforcer

  • Race: Protoss Protoss
  • League: Platinum

VOD

Have the link to the VOD?

Description

Time

  • Played on: May 1, 2021, 7:48 a.m.
  • Length: 10:14
Show
View Real Time Build Order
Export as new Build Order

Chillking Zerg - Winner!

Build Orders: Hatch First, Lurkers, Roach Hydra 

Get SALT Encoding   

  12  0:01  Drone  
  13  0:14  Overlord  
  13  0:19  Drone  
  14  0:32  Drone x2  
  16  0:37  Drone  
  17  0:47  Drone  
  18  1:04  Hatchery  
  18  1:09  Drone x2  
  19  1:13  Extractor  
  18  1:22  Drone  
  19  1:26  Spawning Pool  
  19  1:31  Drone  
  19  1:43  Drone  
  20  1:51  Drone  
  21  2:03  Overlord  
  21  2:17  Queen x2  
  21  2:19  Zergling x4  
  21  2:21  Metabolic Boost  
  27  2:24  Drone  
  28  2:32  Drone  
  28  2:36  Overlord  
  29  2:41  Drone  
  30  2:50  Drone  
  30  2:51  Drone  
  32  3:01  Drone x2  
  32  3:02  Queen x2  
  38  3:08  Overlord  
  38  3:22  Drone x2  
  38  3:24  Hatchery  
  38  3:25  Drone  
  40  3:31  Overlord  
  40  3:33  Drone x2  
  42  3:35  Drone  
  43  3:44  Drone x2  
  43  3:45  Drone x2  
  47  3:54  Roach Warren  
  46  3:59  Drone x2  
  46  4:00  Drone x3  
  51  4:02  Extractor  
  51  4:04  Extractor  
  51  4:05  Drone  
  51  4:06  Drone  
  51  4:11  Drone x2  
  53  4:19  Drone x2, Evolution Chamber  
  53  4:22  Evolution Chamber  
  53  4:36  Overlord  
  53  4:43  Drone  
  53  4:44  Drone x6  
  60  4:48  Overlord  
  60  4:50  Zerg Missile Weapons Level 1, Zerg Ground Armor Level 1  
  60  4:52  Roach  
  62  5:05  Overlord x2  
  62  5:07  Lair  
  62  5:09  Drone x3  
  65  5:17  Roach x2  
  69  5:21  Queen  
  69  5:22  Drone x3  
  69  5:23  Drone  
  69  5:25  Overlord x2  
  69  5:26  Drone  
  76  5:45  Drone x4  
  76  5:46  Drone x2  
  76  5:48  Extractor  
  76  5:49  Extractor  
  80  5:51  Drone x3  
  80  5:52  Drone  
  80  5:56  Drone  
  85  6:12  Roach x6  
  85  6:15  Glial Reconstitution  
  85  6:17  Hatchery  
  96  6:20  Roach, Hydralisk Den  
  96  6:23  Overlord x5  
  97  6:29  Drone  
  97  6:31  Extractor  
  97  6:32  Drone  
  98  6:37  Overlord  
  98  6:38  Overlord  
  98  7:00  Grooved Spines  
  98  7:01  Zerg Ground Armor Level 2, Zerg Missile Weapons Level 2  
  98  7:02  Hydralisk x3  
  98  7:03  Roach, Hydralisk x4  
  98  7:04  Roach x4  
  122  7:12  Drone  
  123  7:33  Hydralisk  
  123  7:34  Roach x3, Hydralisk x5  
  123  7:35  Roach x4  
  149  7:42  Queen  
  151  7:46  Drone x4  
  151  7:47  Hydralisk  
  151  7:48  Roach  
  159  7:54  Lurker Den  
  158  8:09  Roach  
  158  8:11  Overlord x3  
  158  8:12  Muscular Augments  
  160  8:33  Hydralisk  
  160  8:34  Roach x5, Hydralisk x4  
  164  8:35  Roach x2  
  164  8:36  Infestation Pit  
  164  8:37  Overlord x3  
  183  8:45  Queen, Hatchery  
  184  8:54  Overseer  
  184  8:57  Lurker x4  
  184  8:58  Lurker  
  184  9:00  Overlord x3  
  189  9:03  Drone x2  
  189  9:04  Drone x3  
  189  9:06  Drone, Extractor  
  189  9:07  Drone, Extractor  
  194  9:26  Roach, Hydralisk  
  194  9:27  Roach  
  200  9:31  Hatchery  
Show
View Real Time Build Order
Export as new Build Order

Stenforcer Protoss 

Build Orders: 1 Gate Expand, Zealot Archon, Colossus Rush 

Get SALT Encoding   

  12  0:00  Probe  
  13  0:13  Probe  
  14  0:20  Pylon  
  14  0:25  Probe  
  15  0:38  Probe  
  16  0:45  Gateway  
  16  0:50  Probe  
  16  0:51  Assimilator  
  17  1:04  Probe (Chrono Boost)  
  18  1:14  Probe (Chrono Boost)  
  19  1:19  Probe (Chrono Boost)  
  20  1:31  Nexus  
  20  1:39  Probe  
  21  1:51  Cybernetics Core  
  21  1:54  Pylon  
  21  2:00  Probe  
  22  2:05  Assimilator  
  22  2:12  Probe (Chrono Boost)  
  24  2:24  Probe (Chrono Boost)  
  24  2:27  Stalker (Chrono Boost)  
  24  2:28  Pylon  
  26  2:30  Probe (Chrono Boost)  
  27  2:39  Shield Battery  
  27  2:44  Probe x2  
  29  2:54  Zealot (Chrono Boost)  
  29  2:56  Probe  
  29  2:57  Robotics Facility  
  32  3:03  Probe  
  33  3:08  Probe  
  34  3:14  Sentry  
  34  3:19  Probe  
  37  3:20  Probe  
  37  3:23  Pylon  
  38  3:29  Assimilator  
  38  3:31  Assimilator, Probe  
  38  3:32  Probe  
  40  3:35  Gateway  
  40  3:43  Shield Battery  
  40  3:44  Stalker  
  40  3:46  Observer  
  40  3:47  Probe (Chrono Boost)  
  45  3:50  Probe (Chrono Boost)  
  45  3:59  Probe (Chrono Boost)  
  45  4:01  Twilight Council  
  47  4:03  Pylon, Probe (Chrono Boost)  
  47  4:04  Probe (Chrono Boost)  
  48  4:10  Robotics Bay  
  48  4:17  Zealot  
  48  4:19  Probe x2  
  52  4:30  Pylon  
  52  4:31  Probe x2  
  54  4:43  Probe x2  
  54  4:44  Templar Archives  
  56  4:46  Pylon  
  56  4:53  Colossus (Chrono Boost)  
  62  5:19  Nexus  
  62  5:22  High Templar, Assimilator  
  62  5:23  High Templar  
  62  5:25  Psionic Storm  
  62  5:26  Assimilator  
  62  5:28  Pylon  
  66  5:31  Pylon  
  66  5:34  Probe x2  
  68  5:44  Colossus  
  68  5:49  Probe x2  
  76  5:51  Shield Battery  
  76  5:52  Shield Battery  
  76  6:12  Forge  
  76  6:13  Forge  
  76  6:26  Probe x2  
  76  6:31  Stargate  
  76  6:32  Stargate  
  78  6:38  Gateway, Probe x2  
  80  6:44  Protoss Ground Weapons Level 1 (Chrono Boost)  
  80  6:46  Probe  
  81  6:48  Protoss Shields Level 1 (Chrono Boost)  
  81  6:49  Extended Thermal Lance  
  81  6:50  Probe x2  
  81  6:53  Archon  
  83  6:58  Probe  
  83  7:01  Pylon  
  84  7:02  Probe x2  
  86  7:09  Pylon  
  86  7:10  Probe  
  87  7:18  Photon Cannon  
  87  7:21  Photon Cannon  
  87  7:31  Fleet Beacon  
  87  7:32  Probe x3  
  87  7:33  Protoss Air Weapons Level 1 (Chrono Boost)  
  87  7:35  Pylon x2  
  87  7:36  High Templar x2  
  94  7:49  Probe x3  
  94  7:50  Pylon  
  97  7:52  Pylon  
  97  7:54  Pylon  
  97  7:57  Colossus  
  103  7:59  High Templar  
  103  8:01  Probe  
  106  8:13  Probe  
  107  8:26  Nexus  
  107  8:30  Assimilator  
  107  8:32  Assimilator  
  107  8:33  Carrier x2 (Chrono Boost)  
  107  8:35  Pylon  
  107  8:37  Pylon  
  107  8:39  Pylon  
  107  8:40  Pylon  
  119  9:09  Photon Cannon  
  119  9:10  Photon Cannon  
  119  9:13  Photon Cannon  
  119  9:15  Photon Cannon  
  119  9:16  Colossus  
  125  9:17  Shield Battery  
  125  9:19  Observer  
  125  9:21  Shield Battery  
Tags
 
Add a new tag
Caveats
  • Supply blocks, unpowered buildings, or Contaminate may cause inaccurate times.
  • Supply counts are checked every 10 seconds.